Map: Oxide LE

Players

ShoWTimE

  • Race: Protoss Protoss
  • League: Master
  • Spawn Location: 7:00

uwuThermal (uThermal) - Winner!

  • Race: Terran Terran
  • Spawn Location: 1:00

Event: DreamHack SC2 Masters 2020 Winter

VOD

Have the link to the VOD?

Description

Time

  • Played on: Nov. 5, 2020, 1:35 p.m.
  • Length: 7:30

All games in this series

Show
View Real Time Build Order
Export as new Build Order

ShoWTimE Protoss 

Build Orders: 1 Gate Expand, Oracle Opening 

Get SALT Encoding   

  12  0:00  Probe  
  13  0:12  Probe  
  14  0:19  Pylon  
  14  0:24  Probe  
  15  0:37  Probe (Chrono Boost)  
  15  0:38  Gateway  
  16  0:46  Probe (Chrono Boost)  
  16  0:47  Assimilator  
  17  0:51  Probe (Chrono Boost)  
  18  1:03  Probe  
  19  1:15  Probe  
  20  1:25  Cybernetics Core  
  20  1:34  Nexus  
  20  1:36  Probe  
  21  1:44  Pylon  
  21  1:48  Probe  
  21  1:53  Assimilator  
  22  1:59  Adept (Chrono Boost)  
  22  2:00  Probe  
  25  2:13  Probe  
  26  2:24  Stargate  
  26  2:25  Probe  
  26  2:27  Adept (Chrono Boost)  
  29  2:38  Warp Gate, Probe (Chrono Boost)  
  30  2:46  Probe (Chrono Boost)  
  34  2:55  Probe x2 (Chrono Boost)  
  35  2:58  Shield Battery  
  35  3:00  Probe (Chrono Boost)  
  35  3:01  Probe  
  37  3:09  Oracle (Chrono Boost)  
  37  3:12  Probe  
  41  3:13  Probe  
  41  3:16  Stalker  
  42  3:21  Pylon  
  42  3:24  Probe  
  42  3:25  Probe  
  44  3:29  Gateway  
  44  3:32  Gateway  
  44  3:36  Probe  
  44  3:37  Probe  
  46  3:41  Twilight Council  
  46  3:48  Probe  
  46  3:49  Probe  
  48  4:00  Pylon, Probe  
  48  4:01  Probe  
  50  4:06  Oracle (Chrono Boost)  
  50  4:09  Shield Battery  
  53  4:17  Pylon  
  53  4:21  Pylon  
  53  4:26  Stalker x2, Zealot  
  53  4:27  Probe  
  60  4:36  Shield Battery  
  60  4:37  Probe  
  57  4:51  Stalker x3  
  61  4:54  Probe  
  59  5:01  Pylon  
  59  5:04  Assimilator  
  59  5:06  Assimilator  
  60  5:12  Gateway  
  60  5:13  Gateway  
  58  5:15  Stalker x2, Shield Battery  
  58  5:19  Zealot  
  64  5:23  Gateway  
  64  5:24  Gateway  
  64  5:28  Pylon  
  64  5:39  Pylon x2  
  64  5:40  Stalker  
  60  5:58  Gateway  
  60  6:04  Stalker  
  60  6:07  Shield Battery  
  60  6:09  Zealot x2  
  66  6:11  Pylon  
  64  6:18  Zealot x2  
  65  6:36  Stalker x3  
  71  6:46  Pylon  
  71  6:53  Pylon  
  59  7:10  Stalker x4  
  59  7:12  Zealot x2  
Show
View Real Time Build Order
Export as new Build Order

uwuThermal Terran - Winner!

Build Orders:  

Get SALT Encoding   

  12  0:00  SCV  
  13  0:12  SCV  
  14  0:17  Supply Depot  
  14  0:24  SCV  
  15  0:38  SCV  
  15  0:40  Barracks  
  16  0:43  Refinery  
  16  0:50  SCV  
  17  1:03  SCV  
  18  1:15  SCV  
  19  1:27  Barracks Reactor, Orbital Command  
  19  1:44  Command Center  
  19  1:49  Supply Depot  
  19  1:53  SCV  
  20  2:03  Marine x2  
  20  2:05  SCV  
  23  2:11  Factory  
  23  2:18  SCV  
  23  2:20  Marine  
  23  2:21  Marine  
  26  2:26  Refinery  
  26  2:30  SCV  
  27  2:38  Marine x2  
  27  2:42  SCV  
  30  2:54  SCV  
  30  2:57  Marine x2, Factory Tech Lab  
  33  3:00  Starport  
  33  3:01  Orbital Command  
  33  3:06  SCV  
  34  3:15  Siege Tank  
  34  3:17  Marine x2  
  39  3:23  SCV  
  39  3:24  Supply Depot  
  40  3:29  SCV  
  41  3:36  Marine, Viking  
  41  3:38  Marine  
  45  3:41  SCV  
  45  3:46  SCV  
  45  3:48  Supply Depot  
  47  3:51  Siege Tank  
  47  3:54  Marine  
  51  3:56  Marine  
  51  3:57  SCV  
  51  4:00  SCV  
  54  4:09  SCV  
  55  4:12  Marine, SCV  
  55  4:15  Medivac  
  58  4:17  Supply Depot  
  58  4:19  Marine  
  58  4:21  SCV  
  60  4:24  SCV  
  61  4:37  Marine  
  61  4:38  Marine  
  62  4:39  Siege Tank, SCV  
  62  4:44  SCV  
  64  4:52  SCV  
  62  4:55  Marine  
  62  4:59  Marine, Medivac  
  65  5:00  SCV  
  65  5:04  SCV  
  65  5:05  Barracks  
  67  5:07  Barracks  
  67  5:12  SCV  
  67  5:13  Bunker, Marine  
  69  5:16  SCV  
  69  5:18  Supply Depot  
  70  5:26  SCV  
  70  5:27  Siege Tank, Marine  
  74  5:32  Viking  
  74  5:35  Marine  
  70  5:36  SCV  
  70  5:38  SCV  
  67  5:45  Marine  
  67  5:48  SCV  
  61  5:53  Marine  
  61  5:55  Marine  
  59  6:02  SCV  
  59  6:03  Marine  
  56  6:07  SCV  
  56  6:11  Marine  
  58  6:15  Marine  
  58  6:16  SCV  
  60  6:21  Marine  
  61  6:28  Marine  
  61  6:32  SCV  
  63  6:33  Marine, SCV  
  63  6:38  Marine  
  66  6:45  SCV  
  66  6:46  Marine  
  68  6:51  Marine  
  69  6:55  SCV  
  69  6:56  Marine  
  71  7:04  Marine  
  71  7:06  SCV  
  65  7:08  Marine  
  65  7:16  SCV  
Tags
 
Add a new tag
Caveats
  • Supply blocks, unpowered buildings, or Contaminate may cause inaccurate times.
  • Supply counts are checked every 10 seconds.